 Dungeon Crawl Stone Soup version 0.31-a0-702-gf82c85558f (webtiles) character file.

Game seed: 18100716596536701397

5640 qw the Skirmisher (level 10, -8/64 HPs)
             Began as a Gargoyle Hunter on Sept 7, 2023.
             Was an Initiate of Okawaru.
             Mangled by a red ugly thing (12 damage)
             ... on level 9 of the Dungeon.
             The game lasted 00:04:21 (8176 turns).

qw the Skirmisher (Gargoyle Hunter)                 Turns: 8176, Time: 00:04:22

Health: -8/64      AC: 18    Str: 15    XL:     10   Next: 74%
Magic:  10/10      EV: 19    Int: 10    God:    Okawaru [......]
Gold:   503        SH:  0    Dex: 17    Spells: 9/9 levels left

rFire   . . .        Y - +0 shortbow
rCold   . . .        (shield currently unavailable)
rNeg    + . .        a - +1 robe of Vines {NoPotionHeal Regen++++}
rPois   inf          (no helmet)
rElec   +            h - +0 cloak
rCorr   .            l - +2 pair of gloves
SInv    .            o - +2 pair of boots
Will    +....        (no amulet)
Stlth   ++           r - ring of willpower
HPRegen 3.50/turn    g - +5 ring of evasion
MPRegen 0.12/turn

%: no passive effects
@: no status effects
A: sickness immunity, AC +7, negative energy resistance 1, electricity
resistance, torment resistance 1, petrification resistance, talons 1, evolution
1
a: Renounce Religion


You were on level 9 of the Dungeon.
You worshipped Okawaru.
Okawaru was noncommittal.
You visited 2 branches of the dungeon, and saw 10 of its levels.

You collected 503 gold pieces.


Innate Abilities, Weirdness & Mutations

You are immune to sickness and miasma.
Your stone body is resilient. (AC +7)
You are immune to poison.
You resist negative energy. (rN+)
You are resistant to electric shocks. (rElec)
You are resistant to unholy torment.
You are immune to petrification.
You have sharp toenails.
You have hidden genetic potential.


   Skills:
 + Level 8.1 Fighting
 - Level 13.0 Ranged Weapons
 - Level 4.1 Armour
 - Level 4.3 Dodging
 - Level 1.1 Stealth
 - Level 1.0 Invocations


You had 9 spell levels left.
You didn't know any spells.
Your spell library was empty.

Inventory:

Hand Weapons
 k - a +2 antimagic arbalest
 Y - a +0 shortbow (weapon)
Armour
 a - the +1 robe of Vines (worn) {NoPotionHeal Regen++++}
   (You found it on level 8 of the Dungeon)

   NoPotionHeal: Its wearer cannot be healed by potions.
   Regen++++: It increases your rate of health regeneration.
 h - a +0 cloak (worn)
 l - a +2 pair of gloves (worn)
 o - a +2 pair of boots (worn)
Jewellery
 g - a +5 ring of evasion (right hand)
 r - a ring of willpower (left hand)
Scrolls
 c - a scroll of identify
Potions
 b - 2 potions of heal wounds
 d - 3 potions of haste
 e - a potion of cancellation {unknown}
 f - a potion of resistance
 i - a potion of enlightenment {unknown}
 j - 2 potions of curing
 n - a potion of might {unknown}
 q - a potion of mutation

Dungeon Overview and Level Annotations

Branches:
Dungeon (9/15)             Temple (1/1) D:7
   Lair: D:8-11         Orc: D:9-12

Altars:
Ashenzari
Cheibriados
Dithmenos
Elyvilon
Fedhas
Gozag
Hepliaklqana
Kikubaaqudgha
Makhleb
Nemelex Xobeh
Okawaru
Qazlal
Ru
Sif Muna
Uskayaw
Vehumet
Wu Jian
Xom
Yredelemnul
Zin
The Shining One

Annotations:
D:2 1 runed translucent door, Crazy Yiuf
D:6 exclusion: moth of wrath
D:8 3 runed translucent doors, qw's ghost, novice GrHu
D:9 exclusion: orc


Message History

The arrow barely misses the red ugly thing.
You shoot an arrow. The arrow hits the red ugly thing.
The red ugly thing is heavily wounded.
The red ugly thing barely misses you.
You shoot an arrow. The arrow hits the red ugly thing!
The red ugly thing is severely wounded.
The red ugly thing completely misses you.
You shoot an arrow.
The arrow hits the red ugly thing but does no damage.
The red ugly thing is severely wounded.
You shoot an arrow.
The arrow hits the red ugly thing but does no damage.
The red ugly thing is severely wounded.
The red ugly thing misses you.
You shoot an arrow.
The arrow closely misses the red ugly thing.
The red ugly thing punches you but does no damage.
You shoot an arrow.
The arrow barely misses the red ugly thing.
You feel like a meek peon again. The red ugly thing closely misses you.
You shoot an arrow.
The arrow hits the red ugly thing but does no damage.
The red ugly thing is severely wounded.
You shoot an arrow.
The arrow hits the red ugly thing but does no damage.
The red ugly thing is severely wounded.
The red ugly thing punches you!
You are engulfed in flames!!
You shoot an arrow. The arrow hits the red ugly thing!
The red ugly thing is severely wounded.
The red ugly thing punches you.
You are engulfed in flames!
You shoot an arrow. The arrow hits the red ugly thing!
The red ugly thing is almost dead.
The red ugly thing barely misses you.
You shoot an arrow. The arrow hits the red ugly thing.
The red ugly thing is almost dead.
You shoot an arrow.
The arrow barely misses the red ugly thing.
The red ugly thing punches you!
You are engulfed in flames!
You die...

### #.. #.#.#
#.#.#
###.#.####..) .
#....@u).'...
......#.#.####...
... #.#.#
....###.#.##
...>.......#
......%.#..#
..#####.#..##
..'.........#
..#####.###.##


You could see a red ugly thing.

Vanquished Creatures
  A kobold demonologist (D:9)
  3 trolls
  A wyvern (D:7)
  Menkaure (D:7)
  3 water moccasins (D:7)
  2 sky beasts
  2 black bears
  5 orc warriors (D:9)
  3 ice beasts
  An ogre (D:6)
  2 centaurs
  A phantom (D:5)
  3 kobold brigands
  4 bullfrogs
  A necrophage (D:4)
  A scorpion (D:5)
  2 wights (D:4)
  5 killer bees (D:8)
  4 howler monkeys
  2 electric eels (D:9)
  A crimson imp (D:8)
  2 bullfrog zombies (D:4)
  A quasit (D:6)
  6 hounds
  A human zombie (D:4)
  2 sleepcaps (D:6)
  2 gnoll boudas
  2 jellies
  6 orc priests
  3 iguanas
  10 orc wizards
  3 scorpion zombies (D:4)
  A mummy (D:4)
  28 gnolls
  4 adders
  3 shadow imps (D:6)
  An ufetubus (D:6)
  4 dart slugs
  46 orcs
  4 endoplasms
  4 giant cockroaches
  7 goblins
  10 hobgoblins
  6 jackals
  3 quokkas
  3 ball pythons
  4 bats
  2 frilled lizards
  15 kobolds
  2 quokka zombies (D:4)
  6 rats
239 creatures vanquished.

Vanquished Creatures (others)
  An orc wizard (D:6)
1 creature vanquished.

Grand Total: 240 creatures vanquished

Notes
Turn   | Place    | Note
-------+----------+-------------------------------------------
     0 | D:1      | qw the Gargoyle Hunter began the quest for the Orb.
     0 | D:1      | Reached XP level 1. HP: 12/12 MP: 1/1
     0 | D:1      | 0 ||| qw: Version: 0.3-a-76-g4403597
     0 | D:1      | 0 ||| qw: Game counter: 922
     0 | D:1      | 0 ||| qw: Melee chars always use a shield: true
     0 | D:1      | 0 ||| qw: God list: Okawaru
     0 | D:1      | 0 ||| qw: Allow faded altars: false
     0 | D:1      | 0 ||| qw: Do Orc after clearing Dungeon:15 true
     0 | D:1      | 0 ||| qw: Do second Lair branch before Depths: true
     0 | D:1      | 0 ||| qw: Lair rune preference: random
     0 | D:1      | 0 ||| qw: Goals: Normal
     0 | D:1      | 0 ||| PLANNING D:1-11
    21 | D:1      | Found a faded altar of an unknown god.
   145 | D:1      | Reached XP level 2. HP: 17/17 MP: 2/2
   172 | D:1      | You fall into a shaft and drop 1 floor!
   194 | D:2      | 194 ||| DROPPING scroll of butterflies.
   279 | D:1      | 279 ||| RETREATING.
   283 | D:1      | 283 ||| Stepping ~*~*~tactically~*~*~ (retreating).
   284 | D:1      | 284 ||| Stepping ~*~*~tactically~*~*~ (retreating).
   285 | D:1      | 285 ||| Stepping ~*~*~tactically~*~*~ (retreating).
   286 | D:1      | 286 ||| Stepping ~*~*~tactically~*~*~ (retreating).
   294 | D:1      | Reached XP level 3. HP: 13/21 MP: 3/3
   312 | D:1      | Reached skill level 5 in Ranged Weapons
   664 | D:1      | 664 ||| UPGRADING to +0 cloak.
   669 | D:1      | 669 ||| UPGRADING to amulet of guardian spirit.
   674 | D:1      | 674 ||| READING scroll labelled ICIOZ SEZ FUKUA.
   675 | D:1      | 675 ||| READING scroll labelled MINISE FEDU.
   680 | D:1      | 680 ||| READING scroll labelled QEAPUR YTETE.
   694 | D:1      | 694 ||| READING scroll labelled RIEKORCH PISA.
   774 | D:2      | Reached skill level 3 in Fighting
   857 | D:2      | Reached XP level 4. HP: 28/28 MP: 4/4
   929 | D:2      | Found a runed translucent door.
   930 | D:2      | Noticed Crazy Yiuf
   945 | D:2      | 945 ||| FLEEEEING.
  1061 | D:2      | 1061 ||| FLEEEEING.
  1062 | D:2      | 1062 ||| FLEEEEING.
  1063 | D:2      | 1063 ||| FLEEEEING.
  1074 | D:2      | 1074 ||| FLEEEEING.
  1075 | D:2      | 1075 ||| FLEEEEING.
  1076 | D:2      | 1076 ||| FLEEEEING.
  1077 | D:2      | 1077 ||| FLEEEEING.
  1078 | D:2      | 1078 ||| FLEEEEING.
  1079 | D:2      | 1079 ||| FLEEEEING.
  1363 | D:2      | 1363 ||| UPGRADING to +2 pair of gloves.
  1368 | D:2      | 1368 ||| UPGRADING to +0 ring mail.
  1378 | D:2      | 1378 ||| DROPPING +0 leather armour.
  1379 | D:2      | 1379 ||| DROPPING ring of magical power.
  1380 | D:2      | 1380 ||| READING scroll labelled IZENUKA AGIU.
  1380 | D:2      | Identified a scroll of acquirement
  1380 | D:2      | 1380 ||| ACQUIRING +0 antimagic arbalest
  1380 | D:2      | Acquired a +0 antimagic arbalest
  1382 | D:2      | 1382 ||| SWAPPING to +0 antimagic arbalest.
  1383 | D:2      | 1383 ||| DROPPING +0 shortbow.
  1384 | D:2      | 1384 ||| READING scroll labelled YZI JIKHUJATY.
  1385 | D:2      | 1385 ||| DRINKING 2 fizzy dark potions.
  1461 | D:3      | Reached skill level 1 in Armour
  1461 | D:3      | Reached XP level 5. HP: 19/32 MP: 1/5
  1462 | D:3      | 1462 ||| FLEEEEING.
  1463 | D:3      | 1463 ||| FLEEEEING.
  1533 | D:3      | Reached skill level 6 in Ranged Weapons
  1798 | D:3      | Found an ancient bone altar of Kikubaaqudgha.
  1821 | D:3      | 1821 ||| READING scroll labelled FECYMN GOARE.
  1822 | D:3      | 1822 ||| READING scroll labelled UDEHUXAGGU.
  1823 | D:3      | 1823 ||| DRINKING 2 lumpy dark potions.
  1829 | D:4      | 1829 ||| PLANNING OSSUARY
  1837 | D:4      | Noticed a sky beast
  1845 | D:4      | 1845 ||| Stepping ~*~*~tactically~*~*~ (retreating).
  1846 | D:4      | 1846 ||| Stepping ~*~*~tactically~*~*~ (retreating).
  1848 | D:4      | 1848 ||| Stepping ~*~*~tactically~*~*~ (retreating).
  1853 | D:4      | HP: 8/32 [something (2)]
  1854 | D:4      | 1854 ||| READING scroll of teleportation.
  1855 | D:4      | 1855 ||| DRINKING potion of heal wounds.
  1878 | D:4      | Killed a sky beast
  1879 | D:4      | Reached XP level 6. HP: 17/40 MP: 2/6
  2296 | D:4      | Reached XP level 7. HP: 38/44 MP: 2/7
  2319 | D:4      | Reached skill level 7 in Ranged Weapons
  2388 | D:4      | Found a basalt altar of Yredelemnul.
  2427 | D:4      | 2427 ||| RIP OSSUARY
  2450 | D:4      | 2450 ||| PLANNING D:1-11
  2461 | D:4      | Reached skill level 8 in Ranged Weapons
  2603 | D:4      | 2603 ||| RETREATING.
  2677 | D:4      | Reached XP level 8. HP: 46/49 MP: 2/8
  3044 | D:4      | 3044 ||| UPGRADING to +2 pair of boots.
  3049 | D:4      | 3049 ||| UPGRADING to ring of willpower.
  3050 | D:4      | 3050 ||| READING scroll labelled GURCHI GELORYTZ.
  3051 | D:4      | 3051 ||| READING scroll labelled NOYTHY XOASS.
  3152 | D:4      | 3152 ||| READING scroll labelled BAT BUYJUP.
  3153 | D:4      | 3153 ||| DRINKING 2 puce potions.
  3154 | D:4      | 3154 ||| READING 2 scrolls of identify.
  3154 | D:4      | 3154 ||| IDENTIFYING metallic puce potion
  3205 | D:5      | Entered Level 5 of the Dungeon
  3208 | D:5      | 3208 ||| STAIRDANCE
  3215 | D:5      | 3215 ||| STAIRDANCE
  3229 | D:5      | 3229 ||| STAIRDANCE
  3281 | D:5      | 3281 ||| Stepping ~*~*~tactically~*~*~ (retreating).
  3338 | D:5      | 3338 ||| Stepping ~*~*~tactically~*~*~ (outnumbered).
  3342 | D:5      | 3342 ||| Stepping ~*~*~tactically~*~*~ (outnumbered).
  3384 | D:5      | Reached skill level 9 in Ranged Weapons
  3399 | D:5      | 3399 ||| DRINKING potion of curing.
  3399 | D:5      | 3399 ||| (to cure confusion)
  3407 | D:5      | Reached skill level 3 in Armour
  3574 | D:5      | Reached skill level 6 in Fighting
  4183 | D:5      | 4183 ||| READING 2 scrolls of identify.
  4183 | D:5      | 4183 ||| IDENTIFYING cyan potion
  4184 | D:5      | 4184 ||| DROPPING potion of brilliance.
  4200 | D:6      | Noticed a moth of wrath
  4224 | D:6      | Reached skill level 10 in Ranged Weapons
  4268 | D:6      | Reached XP level 9. HP: 55/55 MP: 3/9
  4271 | D:6      | 4271 ||| FLEEEEING.
  4272 | D:6      | 4272 ||| FLEEEEING.
  4273 | D:6      | 4273 ||| FLEEEEING.
  4274 | D:6      | 4274 ||| FLEEEEING.
  4275 | D:6      | 4275 ||| FLEEEEING.
  4276 | D:6      | 4276 ||| FLEEEEING.
  4278 | D:6      | 4278 ||| FLEEEEING.
  4279 | D:6      | 4279 ||| FLEEEEING.
  4280 | D:6      | 4280 ||| FLEEEEING.
  4281 | D:6      | 4281 ||| FLEEEEING.
  4282 | D:6      | 4282 ||| FLEEEEING.
  4283 | D:6      | 4283 ||| FLEEEEING.
  4284 | D:6      | 4284 ||| FLEEEEING.
  4285 | D:6      | 4285 ||| FLEEEEING.
  4286 | D:6      | 4286 ||| FLEEEEING.
  4287 | D:6      | 4287 ||| FLEEEEING.
  4288 | D:6      | 4288 ||| FLEEEEING.
  4289 | D:6      | 4289 ||| FLEEEEING.
  4290 | D:6      | 4290 ||| FLEEEEING.
  4291 | D:6      | 4291 ||| FLEEEEING.
  4292 | D:6      | 4292 ||| FLEEEEING.
  4293 | D:6      | 4293 ||| FLEEEEING.
  4294 | D:6      | 4294 ||| FLEEEEING.
  4296 | D:6      | 4296 ||| STAIRDANCE
  4827 | D:6      | 4827 ||| Stepping ~*~*~tactically~*~*~ (outnumbered).
  4829 | D:6      | 4829 ||| Stepping ~*~*~tactically~*~*~ (outnumbered).
  4881 | D:6      | 4881 ||| READING scroll of enchant weapon.
  4881 | D:6      | 4881 ||| ENCHANTING +1 antimagic arbalest.
  5189 | D:6      | 5189 ||| DROPPING ring of wizardry.
  5190 | D:6      | 5190 ||| READING 3 scrolls of identify.
  5190 | D:6      | 5190 ||| IDENTIFYING smoky brown potion
  5191 | D:6      | 5191 ||| READING 2 scrolls of identify.
  5191 | D:6      | 5191 ||| IDENTIFYING fizzy red potion
  5192 | D:6      | 5192 ||| DROPPING potion of degeneration.
  5193 | D:6      | 5193 ||| DROPPING potion of invisibility.
  5276 | D:7      | Reached skill level 11 in Ranged Weapons
  5378 | D:7      | Reached skill level 3 in Dodging
  5651 | D:7      | Noticed Menkaure
  5657 | D:7      | Killed Menkaure
  6001 | D:7      | Found a staircase to the Ecumenical Temple.
  6002 | D:7      | 6002 ||| PLANNING TEMPLE
  6002 | D:7      | 6002 ||| UPGRADING to +5 ring of evasion.
  6003 | D:7      | 6003 ||| READING scroll labelled TUIGOG JAVUW.
  6004 | D:7      | 6004 ||| READING 2 scrolls of identify.
  6004 | D:7      | 6004 ||| IDENTIFYING murky emerald potion
  6005 | D:7      | 6005 ||| DROPPING potion of berserk rage.
  6014 | Temple   | Entered the Ecumenical Temple
  6015 | Temple   | 6015 ||| PLANNING OKAWARU WORSHIP
  6037 | Temple   | Became a worshipper of Warmaster Okawaru
  6038 | Temple   | 6038 ||| PLANNING D:1-11
  6038 | Temple   | 6038 ||| REMOVING amulet of guardian spirit.
  6043 | Temple   | 6043 ||| DROPPING amulet of guardian spirit.
  6209 | D:7      | 6209 ||| SWAPPING to +0 shortbow.
  6320 | D:8      | 6320 ||| STAIRDANCE
  6331 | D:8      | 6331 ||| STAIRDANCE
  6341 | D:7      | Reached XP level 10. HP: 64/64 MP: 10/10
  6344 | D:8      | 6344 ||| STAIRDANCE
  6377 | D:8      | Found an opulent altar of Gozag.
  6402 | D:8      | 6402 ||| RETREATING.
  6404 | D:8      | 6404 ||| Stepping ~*~*~tactically~*~*~ (retreating).
  6408 | D:8      | 6408 ||| Stepping ~*~*~tactically~*~*~ (retreating).
  6501 | D:8      | 6501 ||| FLEEEEING.
  6567 | D:8      | Noticed a seven-headed hydra
  6568 | D:8      | 6568 ||| FLEEEEING.
  6569 | D:8      | 6569 ||| FLEEEEING.
  6570 | D:8      | 6570 ||| FLEEEEING.
  6571 | D:8      | 6571 ||| FLEEEEING.
  6572 | D:8      | 6572 ||| FLEEEEING.
  6573 | D:8      | 6573 ||| FLEEEEING.
  6574 | D:8      | 6574 ||| FLEEEEING.
  6577 | D:8      | 6577 ||| FLEEEEING.
  6578 | D:8      | 6578 ||| FLEEEEING.
  6579 | D:8      | 6579 ||| FLEEEEING.
  6580 | D:8      | 6580 ||| FLEEEEING.
  6581 | D:8      | 6581 ||| FLEEEEING.
  6582 | D:8      | 6582 ||| FLEEEEING.
  6583 | D:8      | 6583 ||| FLEEEEING.
  6584 | D:8      | 6584 ||| FLEEEEING.
  6585 | D:8      | 6585 ||| FLEEEEING.
  6586 | D:8      | 6586 ||| FLEEEEING.
  6587 | D:8      | 6587 ||| STAIRDANCE
  6671 | D:8      | HP: 13/64 [seven-headed hydra (12)]
  6672 | D:8      | 6672 ||| READING scroll of teleportation.
  6673 | D:8      | 6673 ||| DRINKING 3 potions of heal wounds.
  6675 | D:8      | Found the +1 robe of Vines {NoPotionHeal Regen++++}
  6695 | D:8      | Reached skill level 12 in Ranged Weapons
  6853 | D:8      | Found a burning altar of Makhleb.
  6853 | D:8      | Found a shimmering altar of Xom.
  6890 | D:8      | Reached * piety under Okawaru
  6988 | D:8      | Found a runed translucent gate.
  6988 | D:8      | Found a runed translucent gate.
  6988 | D:8      | Found an opulent altar of Gozag.
  6988 | D:8      | Found a runed translucent gate.
  6988 | D:8      | Noticed a skeletal warrior
  6990 | D:8      | Noticed qw's ghost (novice GrHu)
  7047 | D:8      | 7047 ||| Stepping ~*~*~tactically~*~*~ (outnumbered).
  7049 | D:8      | 7049 ||| Stepping ~*~*~tactically~*~*~ (outnumbered).
  7053 | D:8      | 7053 ||| Stepping ~*~*~tactically~*~*~ (outnumbered).
  7136 | D:8      | 7136 ||| INVOKING Heroism.
  7226 | D:8      | 7226 ||| UPGRADING to +1 robe of Vines {NoPotionHeal
                  | Regen++++}.
  7236 | D:8      | 7236 ||| DROPPING +0 ring mail.
  7237 | D:8      | 7237 ||| READING scroll labelled WEBOOF YHI PAF.
  7238 | D:8      | 7238 ||| DRINKING 2 fuming black potions.
  7238 | D:8      | Gained mutation: You have sharp toenails. [potion of
                  | mutation]
  7238 | D:8      | Gained mutation: You have hidden genetic potential. [potion
                  | of mutation]
  7269 | D:8      | 7269 ||| INVOKING Heroism.
  7473 | D:9      | Found a radiant altar of Vehumet.
  7510 | D:9      | Found an ornate altar of the Wu Jian Council.
  7532 | D:9      | Reached skill level 1 in Invocations
  7536 | D:9      | Noticed a kobold demonologist
  7538 | D:9      | Noticed a rust devil
  7538 | D:9      | 7538 ||| Stepping ~*~*~tactically~*~*~ (retreating).
  7541 | D:9      | 7541 ||| Stepping ~*~*~tactically~*~*~ (retreating).
  7542 | D:9      | 7542 ||| Stepping ~*~*~tactically~*~*~ (retreating).
  7548 | D:9      | Noticed a sun demon
  7548 | D:9      | 7548 ||| INVOKING Heroism.
  7563 | D:9      | Killed a kobold demonologist
  7630 | D:9      | 7630 ||| INVOKING Heroism.
  7701 | D:9      | 7701 ||| INVOKING Heroism.
  7722 | D:9      | 7722 ||| Invisibility monster not found???
  7784 | D:9      | 7784 ||| INVOKING Heroism.
  7807 | D:9      | 7807 ||| READING scroll labelled LIVUGA KATHRI.
  8135 | D:9      | Reached skill level 13 in Ranged Weapons
  8137 | D:9      | Noticed a red ugly thing
  8151 | D:9      | 8151 ||| INVOKING Heroism.
  8151 | D:9      | HP: 16/64 [red ugly thing (19)]
  8172 | D:9      | HP: 15/64 [red ugly thing (23)]
  8173 | D:9      | HP: 4/64 [red ugly thing (12)]
  8176 | D:9      | Mangled by a red ugly thing

Levels and vault maps discovered:
D:1:      wander_arrival_peaceful_grave, layout_basic,
          shapermc_ecumenical_altar_flowoftime
D:2:      layout_basic, uniq_crazy_yiuf_cottage
D:3:      layout_rooms, marbit_many_paths, minmay_stone_trees_small
D:4:      layout_basic, lemuel_mausoleum_altar_yredelemnul,
          nicolae_ossuary_entry_ruins
D:5:      layout_loops_ring, minmay_liquid_box
D:6:      layout_loops_ring, tgw_trog, serial_demonic, serial_demonic_d,
          serial_demonic_e, serial_demonic_e, serial_demonic_e, sigmund_army
D:7:      layout_basic, temple_hall, uniq_menkaure
D:8:      layout_rooms, grunt_temple_overflow_champion_of_chaos,
          grunt_gozag_statues, ebering_ghost_gozag, minivault_21,
          hellmonk_guarded_unrand_vines
D:9:      layout_basic, kennysheep_mini, mainiacjoe_overflow_tiny_flanked,
          erik_orc_2, dk_noncrumbling_3
Temple:   minmay_temple_curvy_branch

Skill      XL: |  1  2  3  4  5  6  7  8  9 10 |
---------------+-------------------------------+-----
Ranged Weapons | 5 6 8 10 11 13 | 13.0
Fighting       | 3 4 5 6 8 |  8.1
Armour         | 1 2 3 4 |  4.1
Dodging        | 2 3 4 |  4.3
Invocations    | 1 |  1.0
Stealth        | |  1.1

Action                     |  1- 3 |  4- 6 |  7- 9 | 10-12 || total
---------------------------+-------+-------+-------+-------++-------
   Fire: Shortbow          |   105 |    47 |    17 |   485 ||   654
         Arbalest          |       |   111 |   316 |       ||   427
 Invoke: Heroism           |       |       |       |     7 ||     7
    Use: Scroll            |     4 |     5 |    10 |     3 ||    22
         Potion            |       |     3 |     2 |     2 ||     7
 Armour: Leather armour    |    40 |    16 |       |       ||    56
         Ring mail         |       |    86 |   262 |   102 ||   450
         Robe              |       |       |       |    51 ||    51
  Dodge: Dodged            |    27 |    63 |   199 |   247 ||   536

Table legend:
 A = Non-vault XP
 B = Vault XP
 C = Vault XP percentage of total XP
 D = Non-vault monster count
 E = Vault monster count
 F = Vault count percentage of total count
                 A         B        C        D         E       F
            +---------+---------+-------+---------+---------+-------
      Total |    5909 |    2149 |  26.7 |     196 |      44 |  18.3
            +---------+---------+-------+---------+---------+-------
        D:1 |      37 |       0 |   0.0 |      20 |       0 |   0.0
        D:2 |     116 |       0 |   0.0 |      20 |       0 |   0.0
        D:3 |     112 |       1 |   0.9 |      21 |       1 |   4.5
        D:4 |     500 |     485 |  49.2 |      31 |      12 |  27.9
        D:5 |     931 |       0 |   0.0 |      35 |       0 |   0.0
        D:6 |     967 |      99 |   9.3 |      19 |       9 |  32.1
        D:7 |    1261 |     183 |  12.7 |      13 |       1 |   7.1
        D:8 |     813 |     672 |  45.3 |      25 |       3 |  10.7
        D:9 |    1172 |     709 |  37.7 |      12 |      18 |  60.0
            +---------+---------+-------+---------+---------+-------
